 Dungeon Crawl Stone Soup version 0.31.0-32-g396128a36d (webtiles) character file.

Game seed: 5236040333282367091

639 Alphaeus the Ruffian (level 7, -4/46 HPs)
             Began as an Octopode Shapeshifter on Mar 19, 2024.
             Slain by an ogre
             ... wielding a +0 giant spiked club
              (27 damage)
             ... on level 5 of the Dungeon.
             The game lasted 00:02:50 (4485 turns).

Alphaeus the Ruffian (Octopode Shapeshifter)        Turns: 4485, Time: 00:02:50

Health: -4/46      AC:  1    Str: 16    XL:     7   Next: 51%
Magic:  7/7        EV: 13    Int: 12    God:
Gold:   186        SH:  0    Dex: 11    Spells: 6/6 levels left

rFire   . .          .
                       - Unarmed
rCold   . . .        (no shield)
rNeg    . . .        (helmet currently unavailable)
rPois   .            (no amulet)
rElec   .            (no ring)
rCorr   .            (no ring)
SInv    .            (no ring)
Will    .....        (no ring)
Stlth   ++           (no ring)
HPRegen 0.27/turn    (no ring)
MPRegen 0.10/turn    (no ring)
                     (no ring)

%: no passive effects
@: beast-form
A: beast (slay +2), almost no armour, amphibious, 8 rings, camouflage 1,
gelatinous body 1, (nimble swimmer 1), tentacles
a: Begin Untransformation


You were on level 5 of the Dungeon.
You were a hulking beast.
You visited 1 branch of the dungeon, and saw 5 of its levels.

You collected 186 gold pieces.

Inventory:

Jewellery
 p - a ring of ice
Talismans
 b - a beast talisman
 c - a flux talisman
 i - a maw talisman
Wands
 l - a wand of digging (4)
Scrolls
 d - a scroll of vulnerability {unknown}
 e - 2 scrolls of teleportation {unknown}
 k - a scroll of enchant armour {unknown}
 m - a scroll of enchant weapon {unknown}
 n - 3 scrolls of identify {unknown}
 o - a scroll of noise {unknown}
 q - a scroll of fear {unknown}
Potions
 a - a potion of lignification
 f - a potion of attraction {unknown}
 g - a potion of degeneration {unknown}
 h - a potion of might {unknown}
 j - 3 potions of curing {unknown}


   Skills:
 + Level 3.1 Fighting
 + Level 3.6 Dodging
 * Level 5.4 Unarmed Combat
 * Level 5.1 Shapeshifting


You had 6 spell levels left.
You didn't know any spells.
Your spell library contained the following spells:

 Spells                   Type           Power      Damage    Failure   Level
 Animate Dead             Necr           0%         N/A       97%         4
 Haunt                    Necr/Summ      0%         N/A       100%        7
 Infestation              Necr           0%         N/A       100%        8


Dungeon Overview and Level Annotations

Branches:
Dungeon (5/15)
 Temple: D:4-7

Altars:

Shops:
D:4 (:*

Annotations:
D:3 1 runed translucent door, Zeo's ghost, amateur SpBr


Innate Abilities, Weirdness & Mutations

You are a hulking beast.
Your limbs bulge with bestial killing power. (Slay +2)
You cannot wear most types of armour.
You are amphibious.
You can wear up to eight rings at the same time.
Your skin changes colour to match your surroundings (Stealth+).
Your rubbery body absorbs attacks. (AC +1, EV +1)
((You are camouflaged when in or above water. (Stealth+)))
You have tentacles for arms and can constrict up to eight enemies at once.


Message History

You kill the water moccasin!
You feel very sick.
Your Shapeshifting skill increases to level 5!
You are too injured to fight recklessly!
You are too injured to fight recklessly!
You feel very sick.
You feel sick.
You feel sick.
You feel sick.
You feel sick.
You feel sick.
You feel sick.
You feel sick.
You feel sick.
You are no longer poisoned.
An ogre comes into view. It is wielding a +0 giant spiked club.
An ogre is nearby!
The ogre shouts!
You hear an angry hiss.
An iguana comes into view.
The ogre hits you with a +0 giant spiked club!!
Ouch! That really hurt!
You are too injured to fight recklessly!
You are too injured to fight recklessly!
You are too injured to fight recklessly!
You are too injured to fight recklessly!
You are too injured to fight recklessly!
You are too injured to fight recklessly!
You are too injured to fight recklessly!
You are too injured to fight recklessly!
You are too injured to fight recklessly!
You are too injured to fight recklessly!
You are too injured to fight recklessly!
You are too injured to fight recklessly!
You tentacle-slap the ogre. You squeeze the ogre.
The ogre is moderately wounded.
You tentacle-slap the ogre.
The ogre is heavily wounded.
The ogre hits you with a +0 giant spiked club!!
Ouch! That really hurt!
You die...

#......# #......# #......#
#......# #+###......#
...........#
...........######
..l...Oh........#
.....######.....# ###
#.....# ###....# #.....#
... .......#######.....#
.. ......#...........# .#
#+####....#...........#
.##....##....#...........#
.##.....#....#......######


You could see an ogre and an iguana.

Vanquished Creatures
  A water moccasin (D:5)
  An ogre (D:4)
  A scorpion (D:4)
  A bullfrog (D:4)
  3 hounds
  An iguana (D:4)
  A sleepcap (D:4)
  4 adders
  8 gnolls (D:4)
  A dart slug (D:1)
  4 orcs (D:4)
  2 endoplasms (D:3)
  3 giant cockroaches
  8 goblins
  5 hobgoblins
  10 jackals
  3 quokkas (D:1)
  3 ball pythons
  9 bats
  2 frilled lizards (D:3)
  6 kobolds
  7 rats
84 creatures vanquished.

Notes
Turn   | Place    | Note
-------+----------+-------------------------------------------
     0 | D:1      | Alphaeus the Octopode Shapeshifter began the quest for the
                  | Orb.
     0 | D:1      | Reached XP level 1. HP: 13/13 MP: 1/1
   100 | D:1      | Reached XP level 2. HP: 17/18 MP: 2/2
   950 | D:1      | Reached XP level 3. HP: 23/23 MP: 3/3
  1226 | D:2      | Found a faded altar of an unknown god.
  2168 | D:3      | Found a runed translucent door.
  2319 | D:3      | Reached XP level 4. HP: 24/29 MP: 4/4
  2464 | D:3      | Noticed Zeo's ghost (amateur SpBr)
  3060 | D:4      | Noticed a scorpion
  3061 | D:4      | Noticed a bullfrog
  3076 | D:4      | Killed a scorpion
  3077 | D:4      | Reached XP level 5. HP: 15/34 MP: 5/5
  3240 | D:4      | Reached XP level 6. HP: 10/40 MP: 6/6
  3381 | D:4      | Found Xeenan's Antique Weapon Emporium.
  3507 | D:4      | Found Afyaxou's General Store.
  3507 | D:4      | Found Ezaxeke's Book Emporium.
  3810 | D:4      | Reached skill level 5 in Unarmed Combat
  3827 | D:4      | Reached XP level 7. HP: 22/45 MP: 7/7
  4257 | D:5      | Entered Level 5 of the Dungeon
  4333 | D:5      | Reached skill level 5 in Shapeshifting
  4485 | D:5      | Slain by an ogre

Illustrated notes

Levels and vault maps discovered:
D:1:      lemuel_arrival_hallway, layout_basic
D:2:      layout_loops_corners, dilly_ecumenical_altar_fadedgnrine
D:3:      layout_basic, ebering_ghost_sewer_d
D:4:      layout_loops_ring, nicolae_shop_distant_corner_stores,
          minmay_close_crescents
D:5:      layout_gridville, grunt_qazlal_clouds,
          minmay_temple_entry_proselytizer

Skill      XL: |  1  2  3  4  5  6  7 |
---------------+----------------------+-----
Fighting       | 2 3 |  3.1
Unarmed Combat | 4 5 |  5.4
Shapeshifting  | 4 5 |  5.1
Dodging        | 3 |  3.6

Action                     |  1- 3 |  4- 6 |  7- 9 || total
---------------------------+-------+-------+-------++-------
  Melee: Unarmed           |    80 |    79 |    27 ||   186
         Constrict         |    16 |    18 |     7 ||    41
         Tentacles         |     9 |    18 |     5 ||    32
         Punch             |     4 |     1 |       ||     5
    Use: Potion            |       |     1 |       ||     1
   Stab: Sleeping          |     8 |     3 |     2 ||    13
 Armour: Skin              |    27 |    37 |    13 ||    77
  Dodge: Dodged            |    45 |    32 |    24 ||   101
